 Dungeon Crawl Stone Soup version 0.30-a0-1157-g2cc9ac7196 (webtiles) character file.

Game seed: 12373865316681831845

25 jimonade the Trooper (level 2, -5/24 HPs)
             Began as a Mummy Monk on Apr 25, 2023.
             Slain by a worm (7 damage)
             ... on level 2 of the Dungeon.
             The game lasted 00:00:56 (1072 turns).

jimonade the Trooper (Mummy Monk)                   Turns: 1072, Time: 00:00:57

Health: -5/24      AC:  2    Str: 14    XL:     2   Next: 86%
Magic:  2/2        EV: 12    Int:  9    God:
Gold:   66         SH:  0    Dex: 14    Spells: 1/1 levels left

rFire   x . .        a - +0 mace
rCold   + . .        c - orb {light}
rNeg    + + +        b - +0 robe
rPois   ∞            d - +0 hat
rElec   .            (no cloak)
rCorr   .            (no gloves)
SInv    .            (no boots)
Will    .....        (no amulet)
Stlth   +            (no ring)
HPRegen 0.24/turn    (no ring)
MPRegen 0.08/turn

%: faith
@: glowing
A: cold resistance 1, negative energy resistance 3, torment resistance 2, heat
vulnerability 1, no potions, faith
a: no special abilities


You were on level 2 of the Dungeon.
You visited 1 branch of the dungeon, and saw 2 of its levels.

You collected 66 gold pieces.

Inventory:

Hand Weapons
 a - a +0 mace (weapon)
 g - a +0 mace
Armour
 b - a +0 robe (worn)
 c - an orb of light (worn)
 d - a +0 hat (worn)
 f - a +0 robe
Scrolls
 e - a scroll of noise {unknown}
 h - 2 scrolls of poison {unknown}
 i - a scroll of summoning {unknown}
 j - 2 scrolls of identify {unknown}


   Skills:
 + Level 3.4 Fighting
 + Level 2.8 Maces & Flails
 + Level 2.7 Dodging


You had one spell level left.
You didn't know any spells.
Your spell library was empty.

Dungeon Overview and Level Annotations

Branches:
Dungeon (2/15)

Altars:


Innate Abilities, Weirdness & Mutations

You are immune to poison.
Your flesh is cold resistant. (rC+)
You are immune to negative energy. (rN+++)
You are immune to unholy pain and torment.
You are vulnerable to heat. (rF-)
You do not drink.
You have a special connection with the divine. (Faith)


Message History

HP restored.
You see here an adder corpse.
A hobgoblin comes into view.
The hobgoblin shouts!
You see here 13 gold pieces.
You see here 13 gold pieces.
You now have 66 gold pieces (gained 13).
You hit the hobgoblin.
The hobgoblin is almost dead.
The hobgoblin barely misses you.
You hit the hobgoblin.
You kill the hobgoblin!
No target in view!
Found a robe.
Found a stone staircase leading down.
A worm comes into view.
A worm is nearby!
A goblin comes into view. It is wielding a +0 club.
Found 9 gold pieces.
The goblin shouts!
The worm misses you.
You hit the worm.
The worm is lightly wounded.
The worm closely misses you.
You hit the goblin.
The goblin is moderately wounded.
The goblin barely misses you. The goblin misses you. The worm bites you!
You closely miss the goblin.
The goblin is moderately wounded.
The goblin hits you with a +0 club.
You hit the worm but do no damage. The goblin hits you with a +0 club.
The worm barely misses you.
You sock the worm!
The worm is heavily wounded.
The goblin closely misses you. The worm bites you!
* * * LOW HITPOINT WARNING * * *
You hit the worm.
The worm is heavily wounded.
The goblin closely misses you. The goblin barely misses you.
The worm bites you!
You die...

########## #........#
#........# #........#
#........# ##........#
###....g....#
#......@w...# ###
######.##........#
.[.##...................
.........########.......
..................#.$###
.........>##########.#
..........# .#
.........## # ........##


You could see a worm and a goblin.

Vanquished Creatures
  An adder (D:2)
  2 endoplasms (D:1)
  2 hobgoblins
  4 quokkas (D:1)
  2 bats (D:1)
  4 frilled lizards (D:1)
  2 rats (D:1)
17 creatures vanquished.

Notes
Turn   | Place    | Note
-------+----------+-------------------------------------------
     0 | D:1      | jimonade the Mummy Monk began the quest for the Orb.
     0 | D:1      | Reached XP level 1. HP: 18/18 MP: 1/1
   316 | D:1      | Reached XP level 2. HP: 22/24 MP: 2/2
  1072 | D:2      | Slain by a worm

Illustrated notes

Levels and vault maps discovered:
D:1:      evilmike_arrival_grusome_pit, layout_basic
D:2:      layout_rooms

Action                     || total
---------------------------++-------
  Melee: Mace              ||    54
 Armour: Robe              ||    10
  Dodge: Dodged            ||    38

Table legend: (Time is in decaauts)
 A = Elapsed time spent in this place.
 B = Non-inter-level travel time spent in this place.
 C = Inter-level travel time spent in this place.
 D = Time resting spent in this place.
 E = Time spent auto-exploring this place.
 F = Levels seen in this place.
 G = Mean time per level.
                   A        B        C        D        E       F      G
               +--------+--------+--------+--------+--------+-----+--------+
         Total |   1086 |   1066 |     20 |      0 |    905 |   2 |  543.0 |
       Dungeon |   1086 |   1066 |     20 |      0 |    905 |   2 |  543.0 |
               +--------+--------+--------+--------+--------+-----+--------+

Top non-repeatable levels by time:
     D:1: 1026 daAuts
     D:2: 59 daAuts
